 Dungeon Crawl Stone Soup version 0.26.1-2-gb8aa6d0cf2 (webtiles) character file.

Game seed: 12911566428894924415

35 hawla the Conjurer (level 3, -7/20 HPs)
             Began as a Deep Elf Conjurer on Feb 23, 2021.
             Killed from afar by Natasha (10 damage)
             ... with a puff of flame
             ... on level 2 of the Dungeon.
             The game lasted 00:04:13 (1392 turns).

hawla the Conjurer (Deep Elf Conjurer)              Turns: 1392, Time: 00:04:15

Health: -7/20      AC:  3    Str:  4    XL:     3   Next: 17%
Magic:  9/9        EV: 13    Int: 23    God:
Gold:   88         SH:  0    Dex: 13    Spells: 5/8 levels left

rFire    . . .     SeeInvis .   b - +0 short sword (protect)
rCold    . . .     Faith    .   (no shield)
rNeg     . . .     Spirit   .   a - +1 robe
rPois    .         Reflect  .   (no helmet)
rElec    .         Harm     .   (no cloak)
rCorr    .         Rampage  .   (no gloves)
Will     .....                  (no boots)
Stlth    ++........             (no amulet)
HPRegen  0.06/turn              (no ring)
MPRegen  0.11/turn              (no ring)

@: slowed, very slow
A: no striking features
a: no special abilities


You were on level 2 of the Dungeon.
You visited 1 branch of the dungeon, and saw 3 of its levels.

You collected 88 gold pieces.

Inventory:

Hand Weapons
 b - a +0 short sword of protection (weapon)
Missiles
 g - 2 throwing nets
Armour
 a - a +1 robe (worn)
Potions
 c - a potion of attraction {unknown}
 f - a potion of haste
 h - a potion of invisibility


   Skills:
 + Level 0.5 Fighting
 + Level 0.5 Throwing
 + Level 2.8 Dodging
 + Level 2.7 Stealth
 + Level 3.2 Spellcasting
 + Level 4.5 Conjurations
 + Level 0.6 Translocations
 + Level 0.8 Fire Magic
 + Level 0.7 Evocations


You had 5 spell levels left.
You knew the following spells:

 Your Spells              Type           Power        Failure   Level
a - Magic Dart            Conj           96%          1%          1
b - Searing Ray           Conj           48%          2%          2

Your spell library contained the following spells:

 Spells                   Type           Power        Failure   Level
 Dazzling Flash           Conj/Hex       28%          14%         3
 Iskenderun's Mystic Bla  Conj/Tloc      15%          36%         4
 Fulminant Prism          Conj/Hex       7%           41%         4


Dungeon Overview and Level Annotations

Branches:
Dungeon (3/15)

Altars:
Elyvilon

Annotations:
D:2 Natasha


Message History

Natasha claws you but does no damage. The crimson imp completely misses you.
Natasha zaps a wand.
The puff of flame hits you. The giant cockroach closely misses you.
The crimson imp hits you but does no damage.
Natasha casts a spell at you. You resist with some effort.
The giant cockroach bites you but does no damage.
Natasha casts a spell at you. The magic dart hits you.
The crimson imp misses you.
Natasha casts a spell.
The crimson imp shouts, "Back with thee, thou baffled weeb-spouting giglet!"
The giant cockroach closely misses you.
A quokka comes into view.
Natasha stares at you and mumbles some strange words.
The magic dart hits you!
* * * LOW HITPOINT WARNING * * *
The giant cockroach bites you but does no damage.
Natasha zaps a wand.
The puff of flame hits you!
Ouch! That really hurt!
You die...

............#
.............# #########
..........#.### .......#.
.$........#...# .......#.
..........#.#.. .......#.
.......$........l..[.....>
.?......##.######........
#.......#........###.#..
##.....@.......## #.#..
#.....5B........# #....
................# #..<.
#........h......# #..†)
#......5........# #....
................# #....
................# #.#.)
..#.....#†....#.####....
...........####....#....


You could see Natasha, a crimson imp (summoned), a shadow imp (summoned) and a
giant cockroach.

Vanquished Creatures
  2 dart slugs (D:1)
  2 leopard geckos
  4 bats (D:1)
  3 giant cockroaches (D:1)
  5 goblins
  3 hobgoblins (D:1)
  A ball python (D:2)
  3 frilled lizards (D:1)
  2 kobolds (D:2)
  2 rats (D:2)
27 creatures vanquished.

Notes
Turn   | Place    | Note
-------+----------+-------------------------------------------
     0 | D:1      | hawla the Deep Elf Conjurer began the quest for the Orb.
     0 | D:1      | Reached XP level 1. HP: 10/10 MP: 6/6
   218 | D:1      | Reached XP level 2. HP: 15/15 MP: 4/8
   221 | D:1      | Learned a level 2 spell: Searing Ray
   955 | D:1      | Reached XP level 3. HP: 20/20 MP: 6/9
  1289 | D:2      | Found a white marble altar of Elyvilon.
  1321 | D:2      | Noticed Natasha
  1323 | D:2      | You fall into a shaft and drop 1 floor!
  1392 | D:2      | Killed from afar by Natasha

Illustrated notes

Levels and vault maps discovered:
D:1:      dpeg_arrival_rooms_a, layout_basic, hangedman_decor_opposing
D:2:      layout_rooms, elyvilon_altar_3, uniq_natasha
D:3:      layout_loops_corners, dancing_weapons_uskayaw, fedhas_altar_1,
          gammafunk_ghost_arena, uniq_crazy_yiuf_cottage, uniq_terence

Action                   || total
-------------------------++-------
Melee: Short sword       ||     1
 Cast: Magic Dart        ||    22
       Searing Ray       ||    13
  Use: Scroll            ||     7
Armor: Robe              ||     5
Dodge: Dodged            ||    16
